AoeStats
← crtolino93

African Clearing

504439254Analyzed
4v4 RM · 28d ago on Sep 5, 2026· 29m 37s· 8 players
Game mode
Random Map
Map size
Large (8 player)
Population
200
Speed
Normal
Resources
Standard
Victory
Conquest
Starting age
Dark Age
Ending age
Imperial Age
RankedLock teamsTeams togetherTeam positionsShared explorationLock speedFull tech treeHidden civsTurbo modeCheats
Victory
Defeat
🇭🇰 Wei · Hong Kong SAR China
1173
+14
🇺🇸 Magyars · United States
1068
+19
🇩🇪 Tupi · Germany
1037
+21
🇬🇧 Huns · United Kingdom
1033
+20
🇩🇪 Britons · Germany
1159
-19
🇺🇦 Turks · Ukraine
1137
-19
🇪🇸 Poles · Spain
1113
-18
🇸🇮 Ethiopians · Slovenia
1110
-18
Cyronix
9:35 Loom
14:17 Feudal Age
14:44 Town Watch
14:45 Double-Bit Axe
16:36 Gold Mining
23:36 Castle Age
26:18 Horse Collar
27:31 Bow Saw
27:58 Crossbowman
Holako
3:33 Loom
15:13 Feudal Age
15:49 Double-Bit Axe
18:49 Horse Collar
21:14 Castle Age
19:35 Fletching
19:46 Padded Archer Armor
19:41 Gold Mining
21:57 Crossbowman
26:05 Stone Mining
27:17 Heavy Plow
crtolino93
3:47 Loom
13:48 Feudal Age
14:44 Double-Bit Axe
18:33 Castle Age
18:30 Fletching
18:41 Padded Archer Armor
18:55 Crossbowman
20:17 Bodkin Arrow
23:14 Horse Collar
27:20 Gold Mining
Modniy
8:05 Loom
14:31 Feudal Age
15:55 Double-Bit Axe
16:33 Horse Collar
19:06 Forging
23:56 Castle Age
23:39 Stone Mining
23:40 Gold Mining
25:43 Husbandry
25:54 Bloodlines
26:36 Wheelbarrow
26:53 Scale Barding Armor
28:56 Iron Casting
28:41 Chain Barding Armor
cttwalla
10:10 Loom
12:42 Feudal Age
13:32 Double-Bit Axe
13:29 Horse Collar
23:06 Castle Age
21:30 Fletching
23:31 Bloodlines
23:25 Padded Archer Armor
24:07 Bodkin Arrow
28:25 Leather Archer Armor
colafantahunter
14:09 Feudal Age
16:01 Double-Bit Axe
15:59 Horse Collar
24:07 Wheelbarrow
25:49 Castle Age
25:59 Stone Mining
26:02 Gold Mining
28:01 Hand Cart
28:56 Bow Saw
29:51 Heavy Plow
30:28 Gold Shaft Mining
Clockwise Haggis
5:27 Loom
14:33 Feudal Age
15:16 Horse Collar
15:26 Double-Bit Axe
18:35 Bloodlines
24:23 Castle Age
25:00 Elite Skirmisher
26:21 Wheelbarrow
25:33 Town Watch
27:31 Heavy Plow
29:56 Hand Cart
29:41 Town Patrol
Sai3310
13:27 Feudal Age
13:53 Double-Bit Axe
14:37 Gold Mining
16:08 Loom
19:01 Castle Age
17:37 Forging
17:34 Scale Barding Armor
17:42 Stone Mining
21:24 Bloodlines
21:19 Fishing Lines
25:50 Wheelbarrow
26:57 Husbandry
27:09 Forging
27:25 Chain Barding Armor
28:49 Bow Saw
28:25 Horse Collar
Connection lost

Rejoining the realm…

Still unreachable

The connection could not be restored.

Session expired

The server has moved on; the page needs a fresh start.